cohdb
Replays
Latest Replays
All Replays
Popular Replays
Top Player Replays
Match Explorer
How It Works
Community
CoH3 Stats
Reddit
Sign in to upload your games and track your stats! →
Sign in with Steam
Match 45247314
Unlisted
Match 45247314
Overview
Messages
Build Orders
End
Engineer Squad
Construct Barracks
Selects Special Operations Battlegroup
1⁄4-ton 4x4 Truck
1⁄4-ton 4x4 Truck
Engineer Squad
Infantry Support Center
Selects Raiding Flares
Construct Motor Pool
M8 Greyhound Armored Car
Engineer Squad
Raiding Flares
Advanced Logistics
Selects SSF Commando Squad
SSF Commando Squad
SSF Commando Squad
SSF Commando Squad
Survival Training
Selects M29 Weasel Recon Vehicle
Selects Mark Vehicle
Raiding Flares
M_L
Martinez
Pin0kyo
AtzePong
0
0
Comments
sign in to comment!
No comments posted yet!